 Dungeon Crawl Stone Soup version 0.32-a0-42-ga30500b4d3 (webtiles) character file.

Game seed: 194581806727874551

652 IdlyInterested the Changeling (level 7, 0/54 HPs)
             Began as a Demonspawn Fighter on Jan 29, 2024.
             Succumbed to Edmund's poison
             ... on level 4 of the Dungeon.
             The game lasted 00:13:30 (3211 turns).

IdlyInterested the Changeling (Demonspawn Fighter)  Turns: 3211, Time: 00:13:31

Health: 0/54       AC:  8    Str: 18    XL:     7   Next: 28%
Magic:  5/7        EV:  9    Int:  8    God:
Gold:   176        SH:  8    Dex: 13    Spells: 6/6 levels left

rFire   . .          .
                       - Unarmed
rCold   . . .        c - +0 buckler
rNeg    . . .        b - +0 scale mail
rPois   .            (no helmet)
rElec   .            (no cloak)
rCorr   .            (no gloves)
SInv    .            (no boots)
Will    .....        g - amulet of guardian spirit Stlth
                     (no ring)
HPRegen 0.29/turn    (no ring)
MPRegen 0.10/turn

%: guardian spirit
@: lethally poisoned (0 -> -14), attractive, studying Summonings
A: claws 1, icy blue scales 1, demonic guardian 1, powered by death 2, large
bone plates 1
a: no special abilities


You were on level 4 of the Dungeon.
You visited 1 branch of the dungeon, and saw 4 of its levels.

You collected 176 gold pieces.

Inventory:

Hand Weapons
 a - a +0 flail of venom
 f - a +0 whip
 j - a +0 mace
Missiles
 e - 40 stones (quivered)
 s - 14 poisoned darts
 t - 2 javelins
Armour
 b - a +0 scale mail (worn)
 c - a +0 buckler (worn)
Jewellery
 g - an amulet of guardian spirit (around neck)
Talismans
 i - a flux talisman
Scrolls
 d - a scroll of vulnerability {unknown}
 h - 6 scrolls of teleportation
 k - a scroll of brand weapon
 l - a scroll of fog {unknown}
 m - a scroll of revelation
 q - a scroll of enchant armour
 r - a scroll of poison
Potions
 n - a potion of mutation


   Skills:
 - Level 4.0 Fighting
 - Level 1.7 Maces & Flails
 - Level 1.0 Throwing
 - Level 3.0 Armour
 - Level 1.0 Dodging
 - Level 1.0 Stealth
 - Level 3.0 Shields
 + Level 3.2 Unarmed Combat
 - Level 1.0 Evocations
 * Level 4.2 Shapeshifting


You had 6 spell levels left.
You didn't know any spells.
Your spell library contained the following spells:

 Spells                   Type           Power      Damage    Failure   Level
 Magic Dart               Conj           0%         1d3       86%         1
 Shock                    Conj/Air       0%         1d3       86%         1
 Blink                    Tloc           0%         N/A       95%         2
 Call Imp                 Summ           0%         N/A       95%         2
 Ensorcelled Hibernation  Hex/Ice        0%         N/A       95%         2
 Dazzling Flash           Conj/Hex       0%         N/A       99%         3
 Passwall                 Erth           0%         N/A       99%         3
 Swiftness                Air            0%         N/A       99%         3
 Volatile Blastmotes      Fire/Tloc      0%         2d10      99%         3
 Airstrike                Air            0%         2d(0-16)  100%        4
 Starburst                Conj/Fire      0%         6d3       100%        6
 Maxwell's Capacitive Co  Air            0%         ∞         100%        8


Dungeon Overview and Level Annotations

Branches:
Dungeon (4/15)
 Temple: D:4-7

Altars:

Annotations:
D:4 Edmund


Innate Abilities, Weirdness & Mutations

You have sharp fingernails.
You are partially covered in icy blue scales. (AC +2)
A weak demonic guardian rushes to your aid.
You regenerate health from kills.
You are partially covered in large bone plates. (SH +4)


Message History

You hit Edmund but do no damage.
Edmund looks even sicker.
Edmund hits you with a +4 flail of venom!
You are poisoned.
You hit Edmund but do no damage.
Edmund looks as sick as possible!
You feel very sick. Edmund barely misses you.
Edmund hits you with a +4 flail of venom.
You are more poisoned.
Your +0 flail of venom stops dripping with poison.
You are now empty-clawed.
You feel sick.
You scratch Edmund but do no damage.
Edmund is lightly wounded.
You feel very sick.
Edmund hits you with a +4 flail of venom!
You are more poisoned.
You scratch Edmund.
Edmund is moderately wounded.
You feel very sick. You block Edmund's attack.
You scratch Edmund.
Edmund is moderately wounded.
* * * LOW HITPOINT WARNING * * *
You feel very sick.
Edmund hits you with a +4 flail of venom.
* * * LOW HITPOINT WARNING * * *
You are more poisoned.
Okay, then.
It was a potion of attraction.
You feel attractive to monsters.
* * * LOW HITPOINT WARNING * * *
You feel very sick. Edmund closely misses you.
You scratch Edmund but do no damage.
Edmund is moderately wounded.
* * * LOW HITPOINT WARNING * * *
You feel very sick. You block Edmund's attack.
You scratch Edmund but do no damage.
Edmund is moderately wounded.
You die...

#.... #.... #....
############
#....#######..........#
......................
#..................#
#..@.......####'####
#.(@............†.#.
#.)...............#.
#.................).
#...................
#...................
#########...........
###......... #.........
#.........


You could see Edmund (very poisoned).

Vanquished Creatures
  Blork the orc (D:4)
  2 bombardier beetles
  An orc priest (D:3)
  Jessica (D:3)
  Natasha (D:4)
  2 orc wizards (D:3)
  4 gnolls (D:4)
  9 adders
  3 dart slugs
  2 ribbon worms
  5 orcs (D:3)
  5 endoplasms
  2 giant cockroaches (D:3)
  11 hobgoblins
  8 jackals
  2 quokkas
  4 ball pythons
  7 bats
  5 frilled lizards
  7 goblins
  9 kobolds
  5 rats
96 creatures vanquished.

Vanquished Creatures (collateral kills)
  An ogre (D:4)
  A jelly (D:4)
  Natasha (twice) (D:4)
4 creatures vanquished.

Vanquished Creatures (others)
  An orc wizard (D:3)
1 creature vanquished.

Grand Total: 101 creatures vanquished

Notes
Turn   | Place    | Note
-------+----------+-------------------------------------------
     0 | D:1      | IdlyInterested the Demonspawn Fighter began the quest for
                  | the Orb.
     0 | D:1      | Reached XP level 1. HP: 18/18 MP: 1/1
    46 | D:1      | Gained mutation: You regenerate a little health from kills.
                  | [demonic ancestry]
    46 | D:1      | Reached XP level 2. HP: 24/24 MP: 2/2
   146 | D:1      | Reached skill level 1 in Throwing
   149 | D:1      | Found a faded altar of an unknown god.
   318 | D:1      | Gained mutation: You regenerate health from kills. [demonic
                  | ancestry]
   318 | D:1      | Reached XP level 3. HP: 29/29 MP: 3/3
   517 | D:2      | Reached skill level 1 in Dodging
  1101 | D:2      | Reached skill level 1 in Stealth
  1101 | D:2      | Gained mutation: You have sharp fingernails. [demonic
                  | ancestry]
  1101 | D:2      | Reached XP level 4. HP: 37/37 MP: 4/4
  1447 | D:3      | Reached skill level 1 in Shapeshifting
  1544 | D:3      | Identified a scroll of acquirement
  1546 | D:3      | Acquired a manual of Summonings
  1751 | D:3      | Reached skill level 1 in Unarmed Combat
  1751 | D:3      | Reached XP level 5. HP: 34/42 MP: 2/5
  1821 | D:3      | Noticed Jessica
  1876 | D:3      | Killed Jessica
  2124 | D:3      | Reached skill level 1 in Evocations
  2311 | D:3      | Gained mutation: A weak demonic guardian rushes to your
                  | aid. [demonic ancestry]
  2311 | D:3      | Reached XP level 6. HP: 48/48 MP: 6/6
  2337 | D:3      | Identified the +7 sling of the Decaying God {heavy, rPois
                  | rC+ Dex-2 Stlth+}
  2645 | D:4      | Noticed Natasha
  2663 | D:4      | Killed Natasha
  2906 | D:4      | Gained mutation: You are partially covered in large bone
                  | plates. (SH +4) [potion of mutation]
  3043 | D:4      | Noticed Natasha
  3062 | D:4      | Killed Natasha
  3063 | D:4      | Gained mutation: You are partially covered in icy blue
                  | scales. (AC +2) [demonic ancestry]
  3063 | D:4      | Reached XP level 7. HP: 38/54 MP: 1/7
  3077 | D:4      | Noticed Blork the orc
  3087 | D:4      | Killed Blork the orc
  3088 | D:4      | Noticed Natasha
  3094 | D:4      | Killed Natasha
  3195 | D:4      | Found the +8 trident of the Octopus King {venom, rElec
                  | rPois}
  3198 | D:4      | Noticed Edmund
  3211 | D:4      | Succumbed to Edmund's poison

Illustrated notes

Levels and vault maps discovered:
D:1:      dpeg_arrival_pond, layout_rooms,
          chequers_ecumenical_altar_simple_redux, corner_web_ring
D:2:      layout_basic
D:3:      layout_loops_cross, minmay_guardbox, uniq_jessica
D:4:      layout_basic, guppyfry_early_lair_pool, uniq_blork_the_orc,
          uniq_edmund, uniq_robin, uniq_natasha

Skill      XL: |  1  2  3  4  5  6  7 |
---------------+----------------------+-----
Armour         | 3 |  3.0
Throwing       | 1 |  1.0
Dodging        | 1 |  1.0
Fighting       | 4 |  4.0
Stealth        | 1 |  1.0
Shapeshifting  | 1 2 3 4 |  4.2
Shields        | 3 |  3.0
Unarmed Combat | 1 2 3 |  3.2
Evocations     | 1 |  1.0
Maces & Flails | |  1.7

Action                     |  1- 3 |  4- 6 |  7- 9 || total
---------------------------+-------+-------+-------++-------
  Melee: Flail             |   154 |   173 |    19 ||   346
         Unarmed           |       |    63 |     5 ||    68
  Throw: Stone             |       |    11 |       ||    11
         Dart              |       |     4 |     4 ||     8
    Use: Scroll            |     1 |     6 |       ||     7
         Potion            |     1 |     6 |     1 ||     8
 Armour: Scale mail        |   117 |   190 |    19 ||   326
  Dodge: Dodged            |    78 |   108 |     5 ||   191
  Block: Buckler           |    41 |    55 |     9 ||   105

Table legend: (Time is in decaauts)
 A = Elapsed time spent in this place.
 B = Non-inter-level travel time spent in this place.
 C = Inter-level travel time spent in this place.
 D = Time resting spent in this place.
 E = Time spent auto-exploring this place.
 F = Levels seen in this place.
 G = Mean time per level.
                   A        B        C        D        E       F      G
               +--------+--------+--------+--------+--------+-----+--------+
         Total |   3334 |   3103 |    231 |    565 |   1352 |   4 |  833.5 |
       Dungeon |   3334 |   3103 |    231 |    565 |   1352 |   4 |  833.5 |
               +--------+--------+--------+--------+--------+-----+--------+

Top non-repeatable levels by time:
     D:3: 1170 daAuts
     D:2: 957 daAuts
     D:4: 673 daAuts
     D:1: 533 daAuts
